 Dungeon Crawl Stone Soup version 0.28-a0-1159-g27aa881441 (webtiles) character file.

Game seed: 17821731675037042063

161 fragbeetle the Changer (level 5, 0/37 HPs)
             Began as a Merfolk Transmuter on Dec 16, 2021.
             Constricted to death by a ball python (1 damage)
             ... on level 2 of the Dungeon.
             The game lasted 00:05:22 (2454 turns).

fragbeetle the Changer (Merfolk Transmuter)         Turns: 2454, Time: 00:05:23

Health: 0/37       AC:  3    Str: 12    XL:     5   Next: 42%
Magic:  8/8        EV:  9    Int: 13    God:
Gold:   43         SH:  0    Dex: 14    Spells: 0/8 levels left

rFire   . . .      SeeInvis .     - Unarmed
rCold   . . .      Faith    .   (no shield)
rNeg    . . .      Spirit   .   a - +0 robe
rPois   .          Reflect  .   (helmet currently unavailable)
rElec   .          Harm     .   (no cloak)
rCorr   .          Rampage  .   c - +0 pair of gloves
Will    .....                   (boots currently unavailable)
Stlth   +.........              (no amulet)
HPRegen 0.12/turn               (no ring)
MPRegen 0.11/turn               (no ring)

@: brilliant, appendages (expiring), hasted, constricted, very quick
A: horns 2, (nimble swimmer 2), mertail
a: End Transformation


You were on level 2 of the Dungeon.
You had temporarily grown beastly horns.
You visited 1 branch of the dungeon, and saw 2 of its levels.

You collected 43 gold pieces.

Inventory:

Missiles
 b - 29 stones
Armour
 a - a +0 robe (worn)
 c - a +0 pair of gloves (worn)
 i - the -5 helmet of Failure {Dex+7}
   (You took it off Robin on level 2 of the Dungeon)

   Dex:       It affects your dexterity (+7).
Jewellery
 f - an amulet of magic regeneration
Scrolls
 d - 2 scrolls of identify {unknown}
 e - a scroll of enchant armour {unknown}
 h - a scroll of teleportation {unknown}


   Skills:
 - Level 1.1 Fighting
 - Level 2.6 Dodging
 + Level 4.7 Unarmed Combat
 - Level 2.0 Spellcasting
 + Level 4.8 Transmutations
 + Level 0.6 Ice Magic
 + Level 2.2 Poison Magic


You couldn't memorise any spells.
You knew the following spells:

 Your Spells              Type           Power      Damage    Failure   Level
a - Beastly Appendage     Tmut           42%        N/A       3%          1
b - Spider Form           Tmut/Pois      15%        N/A       17%         3
c - Ice Form              Ice/Tmut       12%        N/A       63%         4

Your spell library contained the following spells:

 Spells                   Type           Power      Damage    Failure   Level
 Wereblood                Tmut           21%        N/A       5%          2


Dungeon Overview and Level Annotations

Branches:
Dungeon (2/15)

Altars:


Innate Abilities, Weirdness & Mutations

You have temporarily grown beastly horns.
((You are quick and stealthy near water. (Stealth+, EV+, Speed+++)))
Your lower body shifts to a powerful aquatic tail in water.


Message History

You are no longer poisoned.
The adder bites you but does no damage. The dart slug launches a dart at you.
The slug dart hits you. The ball python closely misses you.
The ball python constricts you. The rat bites you.
You escape the ball python's grasp.
The adder closely misses you. The adder bites you.
* * * LOW HITPOINT WARNING * * *
The rat bites you.
* * * LOW HITPOINT WARNING * * *
You barely miss the adder. You headbutt the adder!
The adder is severely wounded.
The adder bites you.
* * * LOW HITPOINT WARNING * * *
It was a potion of haste.
You feel yourself speed up. The ball python barely misses you.
The ball python completely misses you. The rat closely misses you.
The adder bites you but does no damage. The ball python barely misses you. x2
You closely miss the adder.
The adder is severely wounded.
The rat bites you.
* * * LOW HITPOINT WARNING * * *
The adder misses you.
You closely miss the adder.
The adder is severely wounded.
The ball python bites you but does no damage.
The ball python grabs you. The ball python constricts you.
The adder bites you but does no damage. The rat barely misses you.
It was a potion of brilliance.
You feel clever all of a sudden.
The ball python bites you but does no damage.
The ball python constricts you.
* * * LOW HITPOINT WARNING * * *
The adder closely misses you.
You closely miss the adder.
The adder is severely wounded.
The rat bites you but does no damage. The ball python bites you.
* * * LOW HITPOINT WARNING * * *
The ball python constricts you.
You die...

#.......#
##.#####.........##.
#.......#
#.....##.........##.
#.......#
#.....##.........###
#######.#
#.....############
####'## #.....######
#.....# #..........#
#.....# #..†.......#
#.....# #..SS......#
#.....##
#..@rw..!..#
#####..#
##+###.....# ##.##
...... #..# # ....#
##.# .# ....+
##'###.# ...#
#......# #...
#......# #......#


You could see an adder, a dart slug, a ball python and a rat.

Vanquished Creatures
  Natasha (thrice) (D:2)
  Robin (D:2)
  An adder (D:2)
  A worm (D:2)
  2 dart slugs
  5 bats
  5 endoplasms
  A giant cockroach (D:1)
  11 hobgoblins
  4 kobolds
  A quokka (D:1)
  6 ball pythons
  A frilled lizard (D:1)
  9 goblins
  4 rats
55 creatures vanquished.

Notes
Turn   | Place    | Note
-------+----------+-------------------------------------------
     0 | D:1      | fragbeetle the Merfolk Transmuter began the quest for the
                  | Orb.
     0 | D:1      | Reached XP level 1. HP: 15/15 MP: 3/3
   142 | D:1      | Reached XP level 2. HP: 18/21 MP: 3/5
   409 | D:1      | Reached XP level 3. HP: 19/26 MP: 3/6
   413 | D:1      | Learned a level 3 spell: Spider Form
   524 | D:1      | Found a faded altar of an unknown god.
  1147 | D:2      | Noticed Natasha
  1158 | D:2      | Killed Natasha
  1159 | D:2      | Reached skill level 1 in Poison Magic
  1159 | D:2      | Reached XP level 4. HP: 18/32 MP: 5/7
  1257 | D:2      | Noticed Natasha
  1269 | D:2      | HP: 1/32 [Natasha (5)]
  1272 | D:2      | Killed Natasha
  1507 | D:2      | Noticed Natasha
  1522 | D:2      | Killed Natasha
  1523 | D:2      | Reached XP level 5. HP: 23/37 MP: 5/8
  1557 | D:2      | Learned a level 4 spell: Ice Form
  1951 | D:2      | Identified the -5 helmet of Failure {Dex+7}
  1951 | D:2      | Noticed Robin
  2078 | D:2      | Killed Robin
  2454 | D:2      | HP: 1/37 [ball python (1)]
  2454 | D:2      | Constricted to death by a ball python

Illustrated notes

Levels and vault maps discovered:
D:1:      lemuel_arrival_behind_the_door_large, layout_loops_ring,
          basic_ecumenical_altar, hex_large
D:2:      layout_basic, uniq_robin, uniq_natasha, uniq_jessica

Skill      XL: |  1  2  3  4 |
---------------+-------------+-----
Transmutations | 3 4 |  4.8
Unarmed Combat | 4 |  4.7
Poison Magic   | 1 2 |  2.2
Fighting       | |  1.1
Dodging        | |  2.6
Spellcasting   | |  2.0
Ice Magic      | |  0.6

Action                   |  1- 3 |  4- 6 || total
-------------------------+-------+-------++-------
Melee: Unarmed           |    71 |    82 ||   153
       Headbutt          |    12 |    10 ||    22
       Punch             |     2 |     1 ||     3
 Cast: Beastly Appendage |    25 |    10 ||    35
       Spider Form       |       |     2 ||     2
  Use: Potion            |       |     2 ||     2
 Stab: Sleeping          |     2 |       ||     2
Armor: Robe              |     9 |    18 ||    27
Dodge: Dodged            |    30 |    52 ||    82

Table legend: (Time is in decaauts)
 A = Elapsed time spent in this place.
 B = Non-inter-level travel time spent in this place.
 C = Inter-level travel time spent in this place.
 D = Time resting spent in this place.
 E = Time spent auto-exploring this place.
 F = Levels seen in this place.
 G = Mean time per level.
                   A        B        C        D        E       F      G
               +--------+--------+--------+--------+--------+-----+--------+
         Total |   2442 |   2442 |      0 |    773 |   1084 |   2 | 1221.0 |
       Dungeon |   2442 |   2442 |      0 |    773 |   1084 |   2 | 1221.0 |
               +--------+--------+--------+--------+--------+-----+--------+

Top non-repeatable levels by time:
     D:2: 1391 daAuts
     D:1: 1051 daAuts
